General information
- name: BNet
- type: Ladder team game (AT/RT)
- host: Battle.net
- saver: iggy_the_fisk
map: RiceFields
- players: 6
- length: 26:22
- speed: Fast
- version: 1.21 W3XP
- replay type:

» download(161 KB)
Players
team 1 (winner)
BEAR_AND (
green | 100 APM | 2647 actions | 26:21)
5 Blademaster
3 Wind Walk
2 Critical Strike
1 Tauren Chieftain
1 Shockwave
» actions
| Assign group hotkey | 5 | |
| Build / train | 75 | |
| Enter build submenu | 43 | |
| Enter hero's abilities submenu | 6 | |
| Give item / drop item | 18 | |
| Right click | 1746 | |
| Select / deselect | 277 | |
| Select group hotkey | 351 | |
| Use ability | 126 | |
2647 total
» units
| Peon | 11 | |
| Troll Batrider | 20 | |
| Troll Witch Doctor | 2 | |
33 total
» upgrades
| Ranged Weapons | 3 | |
| Witch Doctor Training | 2 | |
| Liquid Fire | 1 | |
| Armor | 1 | |
7 total
» buildings
| Altar of Storms | 1 | |
| Orc Burrow | 4 | |
| War Mill | 1 | |
| Voodoo Lounge | 4 | |
| Watch Tower | 18 | |
| Stronghold | 1 | |
| Fortress | 1 | |
| Beastiary | 2 | |
| Spirit Lodge | 1 | |
33 total
» build order
00:08 Altar of Storms
00:20 Orc Burrow
00:46 War Mill
01:43 Voodoo Lounge
02:00 Watch Tower
02:07 Watch Tower
02:39 Watch Tower
02:46 Watch Tower
03:35 Watch Tower
04:26 Watch Tower
05:13 Stronghold
05:15 Watch Tower
05:28 Watch Tower
05:31 Orc Burrow
06:23 Watch Tower
06:26 Orc Burrow
06:39 Watch Tower
07:43 Watch Tower
07:45 Watch Tower
07:45 Fortress
09:40 Watch Tower
09:45 Beastiary
10:00 Beastiary
10:31 Voodoo Lounge
10:59 Watch Tower
11:04 Watch Tower
13:01 Spirit Lodge
13:03 Watch Tower
15:08 Watch Tower
16:27 Orc Burrow
20:12 Voodoo Lounge
20:17 Voodoo Lounge
23:11 Watch Tower
» items
| Healing Salve | 3 | |
| Lesser Clarity Potion | 7 | |
| Potion of Mana | 2 | |
| Claws of Attack +15 | 4 | |
| Kelen's Dagger of Escape | 2 | |
| Mana Stone | 1 | |
19 total
iggy_the_fisk (
pink | 123 APM | 3249 actions | 26:22)
4 Archmage
2 Blizzard
2 Brilliance Aura
3 Mountain King
2 Storm Bolt
1 Bash
2 Pandaren Brewmaster
1 Breath of Fire
1 Drunken Haze
» actions
| Assign group hotkey | 147 | |
| Basic commands | 3 | |
| Build / train | 101 | |
| Enter build submenu | 70 | |
| Enter hero's abilities submenu | 9 | |
| Give item / drop item | 5 | |
| Remove unit from queue | 1 | |
| Right click | 1483 | |
| Select / deselect | 304 | |
| Select group hotkey | 974 | |
| Use ability | 152 | |
3249 total
» units
| Peasant | 23 | |
| Dragonhawk Rider | 1 | |
24 total
» upgrades
| Masonry | 3 | |
| Lumber Harvesting | 2 | |
| Magic Sentry | 1 | |
| Swords | 1 | |
| Armor | 1 | |
8 total
» buildings
| Altar of Kings | 1 | |
| Lumber Mill | 2 | |
| Farm | 4 | |
| Scout Tower | 55 | |
| Guard Tower | 35 | |
| Arcane Tower | 2 | |
| Arcane Vault | 2 | |
| Keep | 1 | |
| Town Hall | 3 | |
| Castle | 1 | |
| Gryphon Aviary | 1 | |
| Arcane Sanctum | 1 | |
| Barracks | 1 | |
| Blacksmith | 1 | |
110 total
» build order
00:09 Altar of Kings
00:20 Lumber Mill
00:24 Farm
00:45 Farm
01:05 Scout Tower
01:15 Scout Tower
01:49 Guard Tower
02:06 Guard Tower
02:09 Scout Tower
02:16 Scout Tower
02:38 Guard Tower
02:41 Scout Tower
02:44 Guard Tower
02:44 Guard Tower
02:45 Guard Tower
02:52 Scout Tower
03:32 Guard Tower
03:46 Arcane Tower
03:49 Scout Tower
03:53 Arcane Vault
04:31 Keep
04:32 Guard Tower
04:33 Scout Tower
05:19 Guard Tower
05:31 Scout Tower
05:32 Scout Tower
05:35 Lumber Mill
06:45 Town Hall
06:51 Guard Tower
06:54 Scout Tower
06:55 Scout Tower
07:27 Scout Tower
07:28 Scout Tower
07:52 Scout Tower
07:53 Scout Tower
07:58 Castle
08:31 Guard Tower
08:36 Farm
08:37 Farm
08:39 Guard Tower
09:21 Guard Tower
09:22 Scout Tower
09:23 Scout Tower
09:25 Arcane Vault
09:27 Scout Tower
09:28 Scout Tower
10:18 Scout Tower
10:19 Scout Tower
10:21 Guard Tower
10:23 Scout Tower
10:24 Scout Tower
10:25 Guard Tower
10:34 Gryphon Aviary
11:06 Guard Tower
11:10 Guard Tower
12:30 Arcane Sanctum
12:44 Scout Tower
12:46 Scout Tower
12:47 Guard Tower
12:48 Scout Tower
12:48 Scout Tower
13:14 Scout Tower
13:15 Scout Tower
14:10 Scout Tower
14:11 Scout Tower
14:13 Scout Tower
14:13 Scout Tower
14:14 Scout Tower
14:54 Guard Tower
14:56 Scout Tower
15:04 Guard Tower
15:06 Scout Tower
15:07 Scout Tower
15:58 Guard Tower
15:59 Scout Tower
16:02 Guard Tower
16:04 Scout Tower
16:05 Scout Tower
16:42 Guard Tower
16:43 Scout Tower
16:45 Guard Tower
16:46 Scout Tower
17:22 Arcane Tower
18:23 Scout Tower
18:25 Guard Tower
18:27 Scout Tower
18:28 Scout Tower
19:50 Guard Tower
19:52 Guard Tower
19:53 Scout Tower
19:56 Scout Tower
19:57 Scout Tower
20:26 Guard Tower
20:29 Scout Tower
20:34 Guard Tower
21:00 Guard Tower
21:02 Scout Tower
21:02 Scout Tower
21:12 Guard Tower
21:14 Barracks
21:21 Blacksmith
21:29 Scout Tower
21:30 Scout Tower
21:46 Guard Tower
22:15 Guard Tower
24:44 Town Hall
24:54 Guard Tower
24:56 Town Hall
25:38 Scout Tower
» items
| Scroll of Regeneration | 2 | |
| Staff of Sanctuary | 2 | |
| Mana Stone | 1 | |
| Health Stone | 2 | |
| Scroll of Town Portal | 3 | |
| Potion of Healing | 2 | |
| Healing Salve | 1 | |
| Orb of Lightning | 1 | |
| Lesser Clarity Potion | 1 | |
| Ring of Protection +5 | 1 | |
| Orb of Frost | 1 | |
17 total
TIMG4STRok (
orange | 83 APM | 2191 actions | 26:21)
4 Archmage
2 Blizzard
2 Brilliance Aura
3 Mountain King
2 Storm Bolt
1 Bash
1 Paladin
1 Holy Light
» actions
| Assign group hotkey | 7 | |
| Basic commands | 79 | |
| Build / train | 81 | |
| ESC pressed | 3 | |
| Enter build submenu | 44 | |
| Enter hero's abilities submenu | 10 | |
| Give item / drop item | 7 | |
| Right click | 1091 | |
| Select / deselect | 183 | |
| Select group hotkey | 550 | |
| Use ability | 136 | |
2191 total
» units
» upgrades
| Masonry | 3 | |
| Magic Sentry | 1 | |
| Lumber Harvesting | 2 | |
| Backpack | 1 | |
| Sorceress Training | 1 | |
| Priest Training | 1 | |
| Control Magic | 1 | |
10 total
» buildings
| Altar of Kings | 1 | |
| Lumber Mill | 1 | |
| Farm | 4 | |
| Scout Tower | 48 | |
| Arcane Tower | 1 | |
| Guard Tower | 18 | |
| Keep | 1 | |
| Town Hall | 1 | |
| Arcane Sanctum | 1 | |
| Castle | 1 | |
| Arcane Vault | 4 | |
| Barracks | 1 | |
| Blacksmith | 1 | |
| Gryphon Aviary | 1 | |
84 total
» build order
00:08 Altar of Kings
00:11 Lumber Mill
00:18 Farm
01:26 Scout Tower
01:46 Farm
01:52 Arcane Tower
01:54 Scout Tower
01:56 Scout Tower
01:59 Scout Tower
02:39 Guard Tower
02:59 Guard Tower
03:02 Scout Tower
03:03 Scout Tower
03:08 Scout Tower
03:09 Scout Tower
03:12 Scout Tower
03:32 Guard Tower
03:35 Guard Tower
03:46 Guard Tower
04:43 Guard Tower
04:46 Keep
05:25 Scout Tower
05:57 Guard Tower
07:09 Town Hall
07:14 Scout Tower
07:15 Scout Tower
07:16 Scout Tower
07:16 Scout Tower
07:18 Scout Tower
07:19 Scout Tower
07:20 Scout Tower
07:20 Scout Tower
08:05 Guard Tower
08:14 Arcane Sanctum
08:17 Scout Tower
08:17 Scout Tower
08:23 Guard Tower
09:18 Guard Tower
09:21 Guard Tower
09:26 Scout Tower
09:26 Scout Tower
09:27 Scout Tower
09:28 Scout Tower
09:29 Scout Tower
09:30 Scout Tower
09:31 Scout Tower
09:31 Scout Tower
10:25 Guard Tower
12:45 Guard Tower
13:16 Castle
13:19 Scout Tower
13:20 Scout Tower
13:21 Scout Tower
14:04 Scout Tower
14:05 Scout Tower
14:06 Scout Tower
14:07 Scout Tower
14:08 Scout Tower
15:47 Farm
16:35 Guard Tower
16:53 Scout Tower
16:56 Scout Tower
16:57 Scout Tower
16:58 Scout Tower
18:44 Guard Tower
19:21 Guard Tower
19:44 Arcane Vault
19:45 Arcane Vault
19:46 Arcane Vault
20:48 Arcane Vault
21:28 Scout Tower
21:29 Scout Tower
21:30 Scout Tower
21:31 Scout Tower
21:32 Scout Tower
21:33 Scout Tower
21:33 Scout Tower
21:34 Scout Tower
22:51 Barracks
22:54 Farm
23:21 Guard Tower
25:01 Blacksmith
25:14 Gryphon Aviary
» items
| Healing Salve | 3 | |
| Lesser Clarity Potion | 2 | |
| Orb of Lightning | 1 | |
| Kelen's Dagger of Escape | 1 | |
| Orb of Frost | 1 | |
| Claws of Attack +15 | 1 | |
| Ring of Protection +5 | 1 | |
| Staff of Sanctuary | 3 | |
| Potion of Greater Healing | 1 | |
14 total
team 2 (loser)
balley00 (
yellow | 24 APM | 599 actions | 25:13)
2 Blademaster
1 Wind Walk
1 Critical Strike
1 Shadow Hunter
1 Healing Wave
» actions
| Assign group hotkey | 18 | |
| Basic commands | 33 | |
| Build / train | 48 | |
| Enter build submenu | 14 | |
| Enter hero's abilities submenu | 3 | |
| Remove unit from queue | 1 | |
| Right click | 211 | |
| Select / deselect | 206 | |
| Select group hotkey | 32 | |
| Use ability | 33 | |
599 total
» units
| Peon | 14 | |
| Grunt | 10 | |
| Demolisher | 1 | |
| Tauren | 11 | |
36 total
» upgrades
| Pulverize | 1 | |
| Melee Weapons | 2 | |
| Armor | 1 | |
4 total
» buildings
| Altar of Storms | 1 | |
| Orc Burrow | 6 | |
| Barracks | 1 | |
| Stronghold | 1 | |
| Voodoo Lounge | 1 | |
| Fortress | 1 | |
| War Mill | 1 | |
| Tauren Totem | 2 | |
14 total
» build order
00:08 Altar of Storms
00:17 Orc Burrow
00:45 Barracks
01:25 Orc Burrow
02:50 Orc Burrow
05:19 Orc Burrow
07:22 Stronghold
08:35 Voodoo Lounge
08:56 Orc Burrow
09:53 Fortress
10:17 War Mill
12:48 Tauren Totem
13:16 Tauren Totem
14:13 Orc Burrow
ElvesOfTheNight (
purple | 40 APM | 1043 actions | 26:21)
5 Demon Hunter
3 Mana Burn
2 Evasion
» actions
| Assign group hotkey | 19 | |
| Basic commands | 19 | |
| Build / train | 59 | |
| ESC pressed | 2 | |
| Enter build submenu | 20 | |
| Enter hero's abilities submenu | 5 | |
| Give item / drop item | 2 | |
| Right click | 312 | |
| Select / deselect | 267 | |
| Select group hotkey | 276 | |
| Use ability | 62 | |
1043 total
» units
| Wisp | 12 | |
| Huntress | 9 | |
| Druid of the Claw | 13 | |
| Chimaera | 7 | |
41 total
» upgrades
| Moon Armor | 1 | |
| Druid of the Claw Training | 2 | |
| Strength of the Wild | 2 | |
| Reinforced Hides | 2 | |
| Well Spring | 1 | |
| Mark of the Claw | 1 | |
9 total
» buildings
| Altar of Elders | 1 | |
| Moon Well | 11 | |
| Hunter's Hall | 1 | |
| Ancient of War | 2 | |
| Tree of Ages | 1 | |
| Ancient of Lore | 2 | |
| Tree of Eternity | 1 | |
| Tree of Life | 1 | |
20 total
» build order
00:07 Altar of Elders
00:11 Moon Well
01:27 Hunter's Hall
02:05 Ancient of War
02:10 Ancient of War
02:24 Moon Well
02:37 Moon Well
03:21 Moon Well
07:09 Moon Well
07:16 Moon Well
09:33 Tree of Ages
12:04 Ancient of Lore
12:05 Ancient of Lore
13:08 Moon Well
13:10 Moon Well
13:19 Moon Well
13:20 Moon Well
13:28 Tree of Eternity
18:58 Moon Well
23:20 Tree of Life
Ganlaorn (
teal | 45 APM | 1136 actions | 25:17)
3 Keeper of the Grove
2 Force of Nature
1 Thorns Aura
» actions
| Assign group hotkey | 22 | |
| Basic commands | 49 | |
| Build / train | 73 | |
| ESC pressed | 3 | |
| Enter build submenu | 16 | |
| Enter hero's abilities submenu | 3 | |
| Remove unit from queue | 1 | |
| Right click | 392 | |
| Select / deselect | 278 | |
| Select group hotkey | 261 | |
| Use ability | 38 | |
1136 total
» units
| Wisp | 12 | |
| Archer | 13 | |
| Glaive Thrower | 10 | |
| Hippogryph | 11 | |
| Chimaera | 8 | |
54 total
» upgrades
| Reinforced Hides | 3 | |
| Strength of the Wild | 2 | |
| Corrosive Breath | 1 | |
6 total
» buildings
| Altar of Elders | 1 | |
| Moon Well | 9 | |
| Ancient of War | 1 | |
| Tree of Ages | 1 | |
| Hunter's Hall | 1 | |
| Tree of Eternity | 1 | |
| Ancient of Wind | 1 | |
| Chimaera Roost | 1 | |
| Ancient of Wonders | 1 | |
17 total
» build order
00:22 Altar of Elders
00:37 Moon Well
00:50 Ancient of War
01:15 Moon Well
02:14 Moon Well
03:52 Moon Well
05:27 Tree of Ages
06:03 Hunter's Hall
10:06 Tree of Eternity
10:10 Ancient of Wind
12:39 Chimaera Roost
12:57 Moon Well
13:59 Moon Well
15:05 Moon Well
20:12 Moon Well
20:15 Moon Well
23:59 Ancient of Wonders
» items
| Dust of Appearance | 1 | |
| Orb of Venom | 1 | |
| Anti-magic Potion | 1 | |
| Potion of Healing | 1 | |
4 total
Chat log
(00:24 / All) Ganlaorn: you drinking
(00:26 / All) TIMG4STRok: hail and well met,
(00:30 / All) balley00: imvdrun
(00:35 / All) iggy_the_fisk: hej hej hur mår ni
(00:43 / All) TIMG4STRok: this guy a maritan he speaking martian
(00:53 / All) TIMG4STRok: like wtf? moon language or some such
(00:54 / All) Ganlaorn: dont be mad
(00:56 / All) iggy_the_fisk: pling pling jag kommer från mars
(01:02 / All) TIMG4STRok: no guy
(01:09 / All) TIMG4STRok: i dont speak martian
(01:18 / All) iggy_the_fisk: är ni typ såååå fulla???
(01:21 / All) TIMG4STRok: ' ' ' take me to ur leader ' ' '
(01:31 / All) iggy_the_fisk: för mig till er ledare!
(01:36 / All) TIMG4STRok: angry
(01:40 / All) TIMG4STRok: he gonna zap you r planet
(01:42 / All) iggy_the_fisk: upp med händerna!
(01:45 / All) iggy_the_fisk: ner med byxorna!
(01:50 / All) BEAR_AND: sorry i was afk
(01:53 / All) BEAR_AND: how u guys doing
(02:18 / All) Ganlaorn: better if you give me head
(02:32 / All) TIMG4STRok: bleep bloop wirrrr wizt kling klang
(02:59 / All) iggy_the_fisk: NOOB
(02:59 / All) iggy_the_fisk: LEAVE
(03:08 / All) iggy_the_fisk: nybörjare!
(03:10 / All) iggy_the_fisk: Lämna spelet
(03:44 / All) iggy_the_fisk: Kapow ägd fjortis
(10:12 / All) iggy_the_fisk: fångade din blademaster med brallorna nere
(22:20 / All) iggy_the_fisk: well that was a valiant effort
(22:29 / All) iggy_the_fisk: bättre lycka nästa gång
(23:36 / All) BEAR_AND: hej
(24:08 / All) BEAR_AND: just waltz in
(24:10 / All) BEAR_AND: you think so?
(24:11 / All) BEAR_AND: really?
(24:23 / All) BEAR_AND: NO
(24:24 / All) BEAR_AND: STOP
(25:21 / All) BEAR_AND: STOP
(25:21 / All) BEAR_AND: no
(25:22 / Allies) BEAR_AND: on
(25:22 / Allies) BEAR_AND: no
(25:23 / All) BEAR_AND: NO
(25:23 / All) BEAR_AND: ON
(25:24 / All) BEAR_AND: NONO
(25:25 / All) BEAR_AND: NO
(25:43 / All) BEAR_AND: elfs of the evening
(25:44 / All) BEAR_AND: dont go